BLB
WINDY CITY BLUES @ BATAVIA MUCKDOGS
09/25/2059
 
TOP OF THE 1ST
Windy City Blues batting - Pitching for Batavia Muckdogs : LHP Bailey Grundy
Pitching: LHP Bailey Grundy
Batting: RHB Ty Dec 0-0: Ball
1-0: Called Strike
1-1: Fly out, F8 (Line Drive, 8LM, EV 90.0 MPH)
Batting: RHB Dulani Cherry 0-0: Reached on error, E6 (Groundball, 6, EV 86.2 MPH)
Batting: RHB Ezekiel Wolfson 0-0: Ball
1-0: Ball
2-0: Called Strike
2-1: Called Strike
2-2: Ball
3-2: SINGLE (Flyball, 3D, EV 86.2 MPH)
Dulani Cherry to second
Batting: RHB Corbin Herron 0-0: Foul Ball, location: 2F
0-1: Called Strike
0-2: Foul Ball, location: 2F
0-2: Ball
1-2: Ball
2-2: Fly out, F8 (Flyball, 8RM, EV 83.8 MPH)
Batting: RHB Adrien Jimenez 0-0: Foul Ball, location: 2F
0-1: DOUBLE (Line Drive, 8RXD, EV 110.0 MPH)
Dulani Cherry scores
Ezekiel Wolfson to third
Runner from 3rd tries for Home, SAFE, no throw by CF
Batting: SHB Steven Hall 0-0: SINGLE (Groundball, 34D, EV 106.9 MPH)
Adrien Jimenez to third
Runner from 3rd tries for Home, SAFE, throw by RF to home
Batting: RHB Forest Cordova 0-0: Ball
1-0: Fly out, F7 (Flyball, 7D, EV 95.0 MPH)
Top of the 1st over - 3 runs, 3 hits, 1 error, 1 left on base; Windy City 3 - Batavia 0
BOTTOM OF THE 1ST
Batavia Muckdogs batting - Pitching for Windy City Blues : RHP James Peters
Pitching: RHP James Peters
Batting: RHB Colby Cooper 0-0: Called Strike
0-1: Called Strike
0-2: Strikes out looking
Batting: RHB R.J. McCarthy 0-0: Foul Ball, location: 2F
0-1: Ball
1-1: Foul Ball, location: 2F
1-2: Foul Ball, location: 2F
1-2: Foul Ball, location: 2F
1-2: Fly out, F9 (Flyball, 9D, EV 97.5 MPH)
Batting: LHB Donald Dworkin 0-0: Ball
1-0: Ball
2-0: SOLO HOME RUN (Flyball, 89XD, EV 97.5 MPH), Distance : 392 ft
Batting: LHB Edward Schachter 0-0: Ground out 5-3 (Groundball, 56S, EV 70.6 MPH)
Bottom of the 1st over - 1 run, 1 hit, 0 errors, 0 left on base; Windy City 3 - Batavia 1
TOP OF THE 2ND
Windy City Blues batting - Pitching for Batavia Muckdogs : LHP Bailey Grundy
Batting: RHB K.J. Avery 0-0: Called Strike
0-1: Swinging Strike
0-2: DOUBLE (Line Drive, 7LS, EV 105.6 MPH)
Batting: RHB Brad Castro 0-0: Called Strike
0-1: Ball
1-1: SINGLE (Groundball, 56S, EV 67.5 MPH) (infield hit)
K.J. Avery to third
Batting: RHB Ty Dec 0-0: Called Strike
0-1: Foul Ball, location: 2F
0-2: Ball
1-2: Ball
2-2: Ball
3-2: Foul Ball, location: 2F
3-2: Base on Balls
Brad Castro to second
Batting: RHB Dulani Cherry 0-0: Ball
1-0: Called Strike
1-1: Grounds into double play, 5-4-3 (Groundball, 56, EV 109.4 MPH)
K.J. Avery scores
Brad Castro to third
Batting: RHB Ezekiel Wolfson 0-0: Called Strike
0-1: Foul Ball, location: 2F
0-2: 2-RUN HOME RUN (Flyball, 9LD, EV 96.2 MPH), Distance : 337 ft
Batting: RHB Corbin Herron 0-0: Fly out, F9 (Flyball, 89S, EV 86.9 MPH)
Top of the 2nd over - 3 runs, 3 hits, 0 errors, 0 left on base; Windy City 6 - Batavia 1
BOTTOM OF THE 2ND
Batavia Muckdogs batting - Pitching for Windy City Blues : RHP James Peters
Batting: RHB Wade Cummins 0-0: Called Strike
0-1: Ball
1-1: Called Strike
1-2: Fly out, F8 (Line Drive, 78M, EV 98.1 MPH)
Batting: SHB Quinton Brown 0-0: Ball
1-0: Ball
2-0: Called Strike
2-1: Foul Ball, location: 2F
2-2: Strikes out swinging
Batting: LHB Carl Brinkley 0-0: Called Strike
0-1: Foul Ball, location: 2F
0-2: Foul Ball, location: 2F
0-2: Strikes out looking
Bottom of the 2nd over - 0 runs, 0 hits, 0 errors, 0 left on base; Windy City 6 - Batavia 1
TOP OF THE 3RD
Windy City Blues batting - Pitching for Batavia Muckdogs : LHP Bailey Grundy
Batting: RHB Adrien Jimenez 0-0: Ball
1-0: Called Strike
1-1: Foul Ball, location: 2F
1-2: Ground out 5-3 (Groundball, 56S, EV 87.5 MPH)
Batting: SHB Steven Hall 0-0: Ball
1-0: Swinging Strike
1-1: Ball
2-1: Foul Ball, location: 2F
2-2: Fly out, F7 (Flyball, 78M, EV 83.1 MPH)
Batting: RHB Forest Cordova 0-0: Ball
1-0: Foul Ball, location: 2F
1-1: Fly out, F7 (Flyball, 7D, EV 103.8 MPH)
Top of the 3rd over - 0 runs, 0 hits, 0 errors, 0 left on base; Windy City 6 - Batavia 1
BOTTOM OF THE 3RD
Batavia Muckdogs batting - Pitching for Windy City Blues : RHP James Peters
Batting: LHB Willis Neil 0-0: Called Strike
0-1: Called Strike
0-2: Ball
1-2: Strikes out looking
Batting: RHB Destin Fransen 0-0: Foul Ball, location: 2F
0-1: Ball
1-1: Foul Ball, location: 2F
1-2: Ball
2-2: Strikes out swinging
Batting: RHB Colby Cooper 0-0: Ball
1-0: Ground out 4-3 (Groundball, 4, EV 79.4 MPH)
Bottom of the 3rd over - 0 runs, 0 hits, 0 errors, 0 left on base; Windy City 6 - Batavia 1
TOP OF THE 4TH
Windy City Blues batting - Pitching for Batavia Muckdogs : LHP Bailey Grundy
Pitching: RHP Chance Loya
Batting: RHB K.J. Avery 0-0: Ball
1-0: Foul Ball, location: 2F
1-1: Foul Ball, location: 2F
1-2: Ball
2-2: Strikes out swinging
Batting: RHB Brad Castro 0-0: Ball
1-0: Ball
2-0: Fly out, F5 (Line Drive, 56, EV 68.8 MPH)
Batting: RHB Ty Dec 0-0: Foul Ball, location: 2F
0-1: Ball
1-1: Ball
2-1: Ball
3-1: Base on Balls
Batting: RHB Dulani Cherry 0-0: Called Strike
0-1: Swinging Strike
0-2: Ball
1-2: Fly out, F8 (Flyball, 8RM, EV 80.6 MPH)
Top of the 4th over - 0 runs, 0 hits, 0 errors, 1 left on base; Windy City 6 - Batavia 1
BOTTOM OF THE 4TH
Batavia Muckdogs batting - Pitching for Windy City Blues : RHP James Peters
Batting: RHB R.J. McCarthy 0-0: Ball
1-0: Called Strike
1-1: Fly out, F9 (Flyball, 9S, EV 84.4 MPH)
Batting: LHB Donald Dworkin 0-0: Ball
1-0: Fly out, F5 (Popup, 5L, EV 75.0 MPH)
Batting: LHB Edward Schachter 0-0: Foul Ball, location: 2F
0-1: Fly out, F9 (Flyball, 9, EV 93.1 MPH)
Bottom of the 4th over - 0 runs, 0 hits, 0 errors, 0 left on base; Windy City 6 - Batavia 1
TOP OF THE 5TH
Windy City Blues batting - Pitching for Batavia Muckdogs : RHP Chance Loya
Batting: RHB Ezekiel Wolfson 0-0: Swinging Strike
0-1: Foul Ball, location: 2F
0-2: Ball
1-2: Foul Ball, location: 2F
1-2: Strikes out swinging
Batting: RHB Corbin Herron 0-0: Swinging Strike
0-1: Foul Ball, location: 2F
0-2: Strikes out swinging
Batting: RHB Adrien Jimenez 0-0: Called Strike
0-1: Swinging Strike
0-2: Foul Ball, location: 2F
0-2: SOLO HOME RUN (Flyball, 7D, EV 97.5 MPH), Distance : 353 ft
Batting: SHB Steven Hall 0-0: Hit by Pitch
Pitching: RHP Herm Cobaj
Batting: RHB Forest Cordova 0-0: Ball
1-0: SINGLE (Groundball, 6D, EV 102.5 MPH)
Steven Hall to second
Batting: RHB K.J. Avery 0-0: Ball
1-0: Called Strike
1-1: Ball
2-1: Foul Ball, location: 2F
2-2: Ball
3-2: Strikes out swinging
Top of the 5th over - 1 run, 2 hits, 0 errors, 2 left on base; Windy City 7 - Batavia 1
BOTTOM OF THE 5TH
Batavia Muckdogs batting - Pitching for Windy City Blues : RHP James Peters
Batting: RHB Wade Cummins 0-0: Foul Ball, location: 2F
0-1: Called Strike
0-2: Foul Ball, location: 2F
0-2: Ball
1-2: Strikes out swinging
Batting: SHB Quinton Brown 0-0: Called Strike
0-1: Swinging Strike
0-2: Ball
1-2: Ball
2-2: Strikes out swinging
Batting: LHB Carl Brinkley 0-0: Called Strike
0-1: Ball
1-1: Ball
2-1: Swinging Strike
2-2: Strikes out swinging
Bottom of the 5th over - 0 runs, 0 hits, 0 errors, 0 left on base; Windy City 7 - Batavia 1
TOP OF THE 6TH
Windy City Blues batting - Pitching for Batavia Muckdogs : RHP Herm Cobaj
Batting: RHB Brad Castro 0-0: Foul Ball, location: 2F
0-1: Called Strike
0-2: Strikes out swinging
Batting: RHB Ty Dec 0-0: Swinging Strike
0-1: Foul Ball, location: 2F
0-2: Ball
1-2: Ball
2-2: SINGLE (Groundball, 6MD, EV 98.8 MPH)
Batting: RHB Dulani Cherry 0-0: Ground out 5-3 (Groundball, 56S, EV 61.9 MPH)
Ty Dec to second
Batting: RHB Ezekiel Wolfson 0-0: Ball
1-0: Swinging Strike
1-1: Called Strike
1-2: Strikes out swinging
Top of the 6th over - 0 runs, 1 hit, 0 errors, 1 left on base; Windy City 7 - Batavia 1
BOTTOM OF THE 6TH
Batavia Muckdogs batting - Pitching for Windy City Blues : RHP James Peters
Batting: LHB Willis Neil 0-0: Ball
1-0: Ball
2-0: Ball
3-0: Ground out 3-1 (Groundball, 34, EV 76.2 MPH)
Batting: RHB Destin Fransen 0-0: Ball
1-0: Ground out 6-3 (Groundball, 6, EV 81.9 MPH)
Batting: RHB Colby Cooper 0-0: Swinging Strike
0-1: Foul Ball, location: 2F
0-2: Strikes out swinging
Bottom of the 6th over - 0 runs, 0 hits, 0 errors, 0 left on base; Windy City 7 - Batavia 1
TOP OF THE 7TH
Windy City Blues batting - Pitching for Batavia Muckdogs : RHP Herm Cobaj
Batting: RHB Corbin Herron 0-0: Ball
1-0: Ball
2-0: Foul Ball, location: 2F
2-1: Fly out, F4 (Popup, 13, EV 72.5 MPH)
Batting: RHB Adrien Jimenez 0-0: Called Strike
0-1: Ball
1-1: Ball
2-1: Called Strike
2-2: Strikes out swinging
Batting: SHB Steven Hall 0-0: Ball
1-0: Ball
2-0: Called Strike
2-1: Ball
3-1: Foul Ball, location: 2F
3-2: Foul Ball, location: 2F
3-2: Foul Ball, location: 2F
3-2: Foul Ball, location: 2F
3-2: Foul Ball, location: 2F
3-2: Foul Ball, location: 2F
3-2: Foul Ball, location: 2F
3-2: Base on Balls
Pitching: RHP Gerald Roderick
Batting: RHB Forest Cordova 0-0: Ball
1-0: Ball
2-0: Called Strike
2-1: Ball
3-1: Called Strike
3-2: Fly out, F8 (Flyball, 8RD, EV 83.1 MPH)
Top of the 7th over - 0 runs, 0 hits, 0 errors, 1 left on base; Windy City 7 - Batavia 1
BOTTOM OF THE 7TH
Batavia Muckdogs batting - Pitching for Windy City Blues : RHP James Peters
Batting: RHB R.J. McCarthy 0-0: Foul Ball, location: 2F
0-1: Ball
1-1: Called Strike
1-2: Ball
2-2: Foul Ball, location: 2F
2-2: Ground out 6-3 (Groundball, 6, EV 82.5 MPH)
Batting: LHB Donald Dworkin 0-0: Ball
1-0: Ball
2-0: Called Strike
2-1: Called Strike
2-2: Strikes out swinging
Batting: LHB Edward Schachter 0-0: Fly out, F7 (Flyball, 7, EV 85.6 MPH)
Bottom of the 7th over - 0 runs, 0 hits, 0 errors, 0 left on base; Windy City 7 - Batavia 1
TOP OF THE 8TH
Windy City Blues batting - Pitching for Batavia Muckdogs : RHP Gerald Roderick
Batting: RHB K.J. Avery 0-0: Ground out 4-3 (Groundball, 4MD, EV 90.0 MPH)
Batting: RHB Brad Castro 0-0: Foul Ball, location: 2F
0-1: Ball
1-1: Ball
2-1: Foul Ball, location: 2F
2-2: SINGLE (Groundball, 5D, EV 110.0 MPH)
Batting: RHB Ty Dec 0-0: Ball
1-0: Ball
2-0: Ball
3-0: Foul Ball, location: 2F
3-1: SINGLE (Line Drive, 6MD, EV 100.0 MPH)
Brad Castro to second
Runner from 2nd tries for 3rd, SAFE, throw by CF made to third
Batting: RHB Dulani Cherry 0-0: Ball
1-0: Called Strike
1-1: Foul Ball, location: 2F
1-2: Ball
2-2: Strikes out swinging
Batting: RHB Ezekiel Wolfson 0-0: Called Strike
0-1: Ball
1-1: Ball
2-1: Ball
3-1: Called Strike
3-2: Base on Balls
Ty Dec to second
Batting: RHB Corbin Herron 0-0: Ball
1-0: Swinging Strike
1-1: Called Strike
1-2: Ball
2-2: Foul Ball, location: 2F
2-2: Ball
3-2: Fly out, F9 (Flyball, 9D, EV 105.6 MPH)
Top of the 8th over - 0 runs, 2 hits, 0 errors, 3 left on base; Windy City 7 - Batavia 1
BOTTOM OF THE 8TH
Batavia Muckdogs batting - Pitching for Windy City Blues : RHP James Peters
Batting: RHB Wade Cummins 0-0: Ball
1-0: Ball
2-0: Ball
3-0: Called Strike
3-1: Base on Balls
Batting: SHB Quinton Brown 0-0: Called Strike
0-1: Swinging Strike
0-2: Ball
1-2: Foul Ball, location: 2F
1-2: Strikes out swinging
Batting: LHB Carl Brinkley 0-0: Grounds into double play, 4-6-3 (Groundball, 4, EV 94.4 MPH)
Bottom of the 8th over - 0 runs, 0 hits, 0 errors, 0 left on base; Windy City 7 - Batavia 1
TOP OF THE 9TH
Windy City Blues batting - Pitching for Batavia Muckdogs : RHP Gerald Roderick
Pitching: RHP Stan Dotson
Batting: RHB Adrien Jimenez 0-0: Called Strike
0-1: Ball
1-1: Ball
2-1: SOLO HOME RUN (Flyball, 7D, EV 96.2 MPH), Distance : 366 ft
Batting: SHB Steven Hall 0-0: Foul Ball, location: 2F
0-1: Ball
1-1: Ball
2-1: Foul Ball, location: 2F
2-2: Foul Ball, location: 2F
2-2: Ball
3-2: Base on Balls
Batting: RHB Forest Cordova 0-0: Called Strike
0-1: Called Strike
0-2: Ball
1-2: Foul Ball, location: 2F
1-2: Fly out, F6 (Popup, 6, EV 61.2 MPH)
Batting: RHB K.J. Avery 0-0: Ball
1-0: Ball
2-0: Ball
3-0: Called Strike
3-1: Base on Balls
Steven Hall to second
Batting: RHB Brad Castro 0-0: Called Strike
0-1: Ball
1-1: Ball
2-1: Ball
3-1: Foul Ball, location: 2F
3-2: Base on Balls
Steven Hall to third
K.J. Avery to second
Batting: RHB Ty Dec 0-0: Ball
1-0: Ball
2-0: Ground out 5-3 (Groundball, 56S, EV 75.6 MPH)
Steven Hall scores
K.J. Avery to third
Brad Castro to second
Pitching: RHP Murray Williams
Batting: RHB Dulani Cherry 0-0: Ball
1-0: Ground out 1-3 (Groundball, 34S, EV 57.5 MPH)
Top of the 9th over - 2 runs, 1 hit, 0 errors, 2 left on base; Windy City 9 - Batavia 1
BOTTOM OF THE 9TH
Batavia Muckdogs batting - Pitching for Windy City Blues : RHP James Peters
Batting: LHB Willis Neil 0-0: Called Strike
0-1: Ball
1-1: Called Strike
1-2: Foul Ball, location: 2F
1-2: Fly out, F8 (Line Drive, 89S, EV 90.6 MPH)
Pinch Hitting: RHB Logan Gleason 0-0: Called Strike
0-1: Foul Ball, location: 2F
0-2: Foul Ball, location: 2F
0-2: Ball
1-2: Strikes out swinging
Batting: RHB Colby Cooper 0-0: SINGLE (Groundball, 6MD, EV 95.6 MPH)
Batting: RHB R.J. McCarthy 0-0: Called Strike
0-1: Foul Ball, location: 2F
0-2: Strikes out swinging
Bottom of the 9th over - 0 runs, 1 hit, 0 errors, 1 left on base; Windy City 9 - Batavia 1
Thursday, April 4th , 2024 - OOTP Baseball 23.10 Build 110